 Dungeon Crawl Stone Soup version 0.31-a0-716-gc7603755dd (webtiles) character file.

Game seed: 14996432063398550607

102 miscthings the Prestidigitator (level 4, -2/38 HPs)
             Began as a Gnoll Wanderer on Sept 10, 2023.
             Splashed by a jelly's acid (6 damage)
             ... on level 5 of the Dungeon.
             The game lasted 00:04:45 (1184 turns).

miscthings the Prestidigitator (Gnoll Wanderer)     Turns: 1184, Time: 00:04:46

Health: -2/38      AC: -5    Str: 10    XL:     4   Next: 78%
Magic:  10/11      EV: 12    Int: 13    God:
Gold:   87         SH:  0    Dex: 13    Spells: 9/13 levels left

rFire   . . .        g - +3 dagger (drain)
rCold   . . .        (no shield)
rNeg    . . .        d - +0 robe
rPois   .            (no helmet)
rElec   .            (no cloak)
rCorr   .            (no gloves)
SInv    .            (no boots)
Will    .....        (no amulet)
Stlth   ++           (no ring)
HPRegen 0.26/turn    (no ring)
MPRegen 0.12/turn

%: no passive effects
@: corroded
A: fangs 1, strong nose, distributed training
a: no special abilities


You were on level 5 of the Dungeon.
You visited 1 branch of the dungeon, and saw 4 of its levels.

You collected 87 gold pieces.

Inventory:

Hand Weapons
 a - a +0 dagger
 g - a +3 dagger of draining (weapon)
 k - a +0 sling
Armour
 d - a +0 robe (worn)
Talismans
 j - a granite talisman
Scrolls
 b - a scroll of fog
 m - a scroll of enchant weapon
Potions
 c - 2 potions of might
 f - a potion of enlightenment {unknown}
 h - 3 potions of curing
 n - a potion of haste
Miscellaneous
 e - a condenser vane


   Skills:
 + Level 4.7 Fighting
 + Level 1.2 Short Blades
 + Level 1.2 Long Blades
 + Level 1.2 Axes
 + Level 1.2 Maces & Flails
 + Level 1.2 Polearms
 + Level 1.2 Staves
 + Level 1.2 Ranged Weapons
 + Level 1.2 Throwing
 + Level 1.2 Armour
 + Level 1.2 Dodging
 + Level 1.2 Stealth
 + Level 1.2 Shields
 + Level 1.2 Unarmed Combat
 + Level 5.1 Spellcasting
 + Level 1.0 Conjurations
 + Level 1.0 Hexes
 + Level 1.0 Summonings
 + Level 1.0 Necromancy
 + Level 1.0 Translocations
 + Level 1.0 Transmutations
 + Level 1.0 Fire Magic
 + Level 1.0 Ice Magic
 + Level 2.3 Air Magic
 + Level 1.0 Earth Magic
 + Level 1.0 Poison Magic
 + Level 1.4 Invocations
 + Level 10.5 Evocations
 + Level 1.1 Shapeshifting


You had 9 spell levels left.
You knew the following spells:

 Your Spells              Type           Power      Damage    Failure   Level
a - Shock                 Conj/Air       28%        1d4       10%         1
b - Magic Dart            Conj           24%        1d4       12%         1
c - Call Imp              Summ           12%        N/A       19%         2

Your spell library contained the following spells:

 Spells                   Type           Power      Damage    Failure   Level
 Mephitic Cloud           Conj/Pois/Air  7%         N/A       30%         3
 Ignite Poison            Fire/Tmut/Pois 6%         N/A       34%         3
 Sticky Flame             Conj/Fire      6%         2d3       75%         4
 Ignition                 Fire           3%         3d4       100%        8


Dungeon Overview and Level Annotations

Branches:
Dungeon (5/15)
 Temple: D:4-7

Altars:
Hepliaklqana
Trog


Innate Abilities, Weirdness & Mutations

You have very sharp teeth.
Your uncanny sense of smell can sniff out nearby items.
Your experience applies equally to all skills.


Message History

As you read the scroll labelled PEUTWY NAMU, it crumbles to dust.
Your body is wracked with pain!
It was a scroll of torment.
As you read the scroll labelled SIOCOA TOULIS, it crumbles to dust.
It is a scroll of enchant weapon.
Your +2 dagger of draining glows red for a moment.
You drop a scroll of torment.
You start resting.
HP restored.
A jelly comes into view.
Found 2 scrolls of fog.
Found a bloodstained altar of Trog.
Found a hazy altar of Hepliaklqana.
Found a scroll labelled ZAONIY WUPPIOG and 13 gold pieces.
The jelly quivers.
The jelly closely misses you.
You barely miss the jelly. The jelly hits you. The acid corrodes you!
You are splashed with acid!
You hit the jelly.
Your hands burn!
The jelly is moderately wounded.
The jelly hits you. The acid corrodes you!
You are splashed with acid!
You are too injured to fight recklessly!
You hit the jelly but do no damage.
Your hands burn!
* * * LOW HITPOINT WARNING * * *
The jelly is moderately wounded.
The jelly completely misses you.
You hit the jelly but do no damage. You drain the jelly.
Your hands burn!
* * * LOW HITPOINT WARNING * * *
You bite the jelly, but do no damage.
The jelly is moderately wounded.
The jelly barely misses you.
Casting: Shock (safe; 10% risk of failure)
Confirm with . or Enter, or press ? or * to list all spells.
Aiming: Shock (safe; 10% risk of failure)
Press: ? - help, Shift-Dir - straight line, f - jelly
Aim: a jelly (moderately wounded, heavily drained, 100% to hit)
The zap hits the jelly.
The jelly is heavily wounded.
The jelly hits you.
* * * LOW HITPOINT WARNING * * *
You are splashed with acid.
You die...

#...........#
#.#####.#.....
#.# ##.#.....#
#.# ?........#
#.###....#
#.##..._.#
#....?####
###.J.#####
#.@...##
##..._##
#....##
.........
#.#.#.###
#$.###.. #..
### ###


You could see a jelly (very drained).

Vanquished Creatures
  A hound (D:5)
  3 adders (D:2)
  A worm (D:2)
  2 dart slugs
  2 endoplasms (D:2)
  2 giant cockroaches
  A goblin (D:1)
  2 hobgoblins (D:2)
  6 jackals
  4 kobolds
  A quokka (D:1)
  3 ball pythons
  3 bats (D:1)
  3 frilled lizards
  3 rats
37 creatures vanquished.

Notes
Turn   | Place    | Note
-------+----------+-------------------------------------------
     0 | D:1      | Reached skill level 10 in Evocations
     0 | D:1      | miscthings the Gnoll Wanderer began the quest for the Orb.
     0 | D:1      | miscthings set off with the following items: a +0 dagger, a
                  | scroll of fog, a potion of might, a +0 robe, a condenser
                  | vane; and the following spell memorised: Shock; and the
                  | following spells available to memorise: Mephitic Cloud.
     0 | D:1      | Reached XP level 1. HP: 20/20 MP: 6/6
    18 | D:1      | Learned a level 1 spell: Magic Dart
   140 | D:1      | Reached XP level 2. HP: 26/26 MP: 0/7
   511 | D:2      | Reached skill level 5 in Spellcasting
   511 | D:2      | Reached XP level 3. HP: 29/31 MP: 3/9
   676 | D:2      | Reached skill level 1 in Invocations
   755 | D:2      | Reached skill level 1 in Short Blades
   755 | D:2      | Reached skill level 1 in Long Blades
   755 | D:2      | Reached skill level 1 in Axes
   755 | D:2      | Reached skill level 1 in Maces & Flails
   755 | D:2      | Reached skill level 1 in Polearms
   755 | D:2      | Reached skill level 1 in Staves
   755 | D:2      | Reached skill level 1 in Ranged Weapons
   755 | D:2      | Reached skill level 1 in Throwing
   755 | D:2      | Reached skill level 1 in Armour
   755 | D:2      | Reached skill level 1 in Dodging
   755 | D:2      | Reached skill level 1 in Stealth
   755 | D:2      | Reached skill level 1 in Shields
   755 | D:2      | Reached skill level 1 in Unarmed Combat
   808 | D:2      | Reached skill level 1 in Shapeshifting
   808 | D:2      | Reached XP level 4. HP: 38/38 MP: 8/11
   836 | D:2      | Found a faded altar of an unknown god.
   888 | D:2      | Learned a level 2 spell: Call Imp
   975 | D:2      | You fall into a shaft and drop 2 floors!
  1041 | D:5      | Entered Level 5 of the Dungeon
  1060 | D:5      | Reached skill level 1 in Conjurations
  1060 | D:5      | Reached skill level 1 in Hexes
  1060 | D:5      | Reached skill level 1 in Summonings
  1060 | D:5      | Reached skill level 1 in Necromancy
  1060 | D:5      | Reached skill level 1 in Translocations
  1060 | D:5      | Reached skill level 1 in Transmutations
  1060 | D:5      | Reached skill level 1 in Fire Magic
  1060 | D:5      | Reached skill level 1 in Ice Magic
  1060 | D:5      | Reached skill level 1 in Earth Magic
  1060 | D:5      | Reached skill level 1 in Poison Magic
  1176 | D:5      | Found a bloodstained altar of Trog.
  1177 | D:5      | Found a hazy altar of Hepliaklqana.
  1184 | D:5      | Splashed by a jelly's acid

Illustrated notes

Levels and vault maps discovered:
D:1:      nzn_arrival_settlement, layout_rooms
D:2:      layout_loops_ring, chequers_ecumenical_altar_twisty
D:4:      layout_basic, zin_academy, uniq_duvessa, uniq_pikel, uniq_grinder
D:5:      layout_loops_cross, nicolae_overflow_macrodata_refinement,
          serial_rivers, chequers_serial_rivers_micro_b,
          chequers_serial_rivers_large_a, chequers_serial_rivers_marsh,
          chequers_serial_rivers_micro_a, chequers_serial_rivers_micro_c

Skill      XL: |  1  2  3  4 |
---------------+-------------+-----
Evocations     | | 10.5
Air Magic      | 2 |  2.3
Spellcasting   | 5 |  5.1
Invocations    | 1 |  1.4
Short Blades   | 1 |  1.2
Long Blades    | 1 |  1.2
Axes           | 1 |  1.2
Maces & Flails | 1 |  1.2
Polearms       | 1 |  1.2
Staves         | 1 |  1.2
Ranged Weapons | 1 |  1.2
Throwing       | 1 |  1.2
Armour         | 1 |  1.2
Dodging        | 1 |  1.2
Stealth        | 1 |  1.2
Shields        | 1 |  1.2
Unarmed Combat | 1 |  1.2
Shapeshifting  | 1 |  1.1
Conjurations   | 1 |  1.0
Hexes          | 1 |  1.0
Summonings     | 1 |  1.0
Necromancy     | 1 |  1.0
Translocations | 1 |  1.0
Transmutations | 1 |  1.0
Fire Magic     | 1 |  1.0
Ice Magic      | 1 |  1.0
Earth Magic    | 1 |  1.0
Poison Magic   | 1 |  1.0
Fighting       | |  4.7

Action                     |  1- 3 |  4- 6 || total
---------------------------+-------+-------++-------
  Melee: Dagger            |    72 |    35 ||   107
         Bite              |     8 |    10 ||    18
         Punch             |       |     1 ||     1
   Cast: Magic Dart        |     6 |       ||     6
         Shock             |    14 |     3 ||    17
Ability: Begin Untransform |     1 |       ||     1
    Use: Scroll            |       |     4 ||     4
 Armour: Robe              |    24 |    24 ||    48
         Skin              |     1 |       ||     1
  Dodge: Dodged            |    41 |    19 ||    60
   Form: Statue            |     1 |       ||     1

Table legend: (Time is in decaauts)
 A = Elapsed time spent in this place.
 B = Non-inter-level travel time spent in this place.
 C = Inter-level travel time spent in this place.
 D = Time resting spent in this place.
 E = Time spent auto-exploring this place.
 F = Levels seen in this place.
 G = Mean time per level.
                   A        B        C        D        E       F      G
               +--------+--------+--------+--------+--------+-----+--------+
         Total |   1222 |   1208 |     14 |    173 |    671 |   4 |  305.5 |
       Dungeon |   1222 |   1208 |     14 |    173 |    671 |   4 |  305.5 |
               +--------+--------+--------+--------+--------+-----+--------+

Top non-repeatable levels by time:
     D:1: 522 daAuts
     D:2: 492 daAuts
     D:5: 141 daAuts
     D:4: 65 daAuts
